 Dungeon Crawl Stone Soup version 0.17-a0-1139-g49cbdf8 (webtiles) character file.

58 Herrn the Magician (level 3, -1/23 HPs)
             Began as a High Elf Fire Elementalist on May 26, 2015.
             Slain by a crimson imp (2 damage)
             ... summoned by Natasha
             ... on level 2 of the Dungeon.
             The game lasted 00:04:32 (1414 turns).

Herrn the Magician (High Elf Fire Elementalist)     Turns: 1414, Time: 00:04:32

Health: -1/23      AC:  2    Str:  7    XL:     3   Next: 75%
Magic:  0/8        EV: 13    Int: 19    God:
Gold:   53         SH:  0    Dex: 16    Spells: 1 memorised, 7 levels left

rFire  . . .     SeeInvis .     l - +0 dagger
rCold  . . .     Clarity  .     h - +0 robe
rNeg   . . .     SustAt   .     (no shield)
rPois  +         Gourm    .     (no helmet)
rElec  .         Spirit   .     (no cloak)
rCorr  .         Warding  .     (no gloves)
rMut   .         Stasis   .     (no boots)
MR     .....                    (no amulet)
Stlth  ++........               (no ring)
                                o - ring of poison resistance

@: not resistant to hostile enchantments, unstealthy
A: no striking features
a: no special abilities


You were on level 2 of the Dungeon.
You were very hungry.

You visited 1 branch of the dungeon, and saw 2 of its levels.

You collected 53 gold pieces.

Inventory:

Hand weapons
 l - a +0 dagger (weapon)
Armour
 h - a +0 robe (worn)
Jewellery
 o - a ring of poison resistance (left hand)
Magical devices
 n - a wand of random effects (36)
Scrolls
 a - a scroll of fear {unknown}
 d - 2 scrolls of identify {unknown}
 e - 2 scrolls of blinking {unknown}
 f - a scroll of recharging {unknown}
 i - a scroll of teleportation {unknown}
 j - a scroll of enchant armour {unknown}
Potions
 p - a potion of haste {unknown}
Books
 b - a book of Flames

   Spells                             Type                      Level
   a - Flame Tongue                   Conjuration/Fire             1
   b - Throw Flame                    Conjuration/Fire             2
   c - Conjure Flame                  Conjuration/Fire             3
   d - Inner Flame                    Hexes/Fire                   3
   e - Sticky Flame                   Conjuration/Fire             4
   f - Fireball                       Conjuration/Fire             5
Comestibles
 c - a bread ration
 g - 5 fruits


   Skills:
 * Level 1.1 Fighting
 * Level 0.5 Short Blades
 * Level 1.2 Armour
 * Level 2.8 Dodging
 - Level 2.1 Stealth
 + Level 3.2 Spellcasting
 + Level 1.4 Conjurations
 - Level 3.0 Fire Magic


You had 7 spell levels left.
You knew the following spells:

 Your Spells              Type           Power        Failure   Level  Hunger
a - Flame Tongue          Conj/Fire      ##...        8%          1    None


Dungeon Overview and Level Annotations

Branches:
Dungeon (2/15)

Altars:

Annotations:
D:2 Natasha


Message History

You closely miss Natasha.
Natasha is almost dead.
Natasha claws you!
* * * LOW HITPOINT WARNING * * *
Casting: Flame Tongue
Confirm with . or Enter, or press ? or * to list all spells.
You don't have enough magic to cast that spell.
Unknown command.
You hit Natasha.
Natasha is almost dead.
The crimson imp barely misses you. Natasha casts a spell at you.
You resist with some effort.
Casting: Flame Tongue
Confirm with . or Enter, or press ? or * to list all spells.
Aiming: Flame Tongue
Press: ? - help, Shift-Dir - straight line, f/p - Natasha
Aim: Natasha (almost dead)
The flame tongue misses Natasha.
The crimson imp hits you.
You die...

#.......# .≈≈ #.......# ....P
#.....(. #.#.# #......# #.#.#
#......# #<#.# #......##.#
#.#?# #.......#.#
#.#.######..#.>.....#.#
#######.#..5@h.....##'#...#.#
..........#..5......#.#...#.#
########.##########....#......
...........# #.####......
........##.########.# #......
####................# #......
#.......########## ######'
#.......## #. #######......###
#.


You could see Natasha and 2 crimson imps.

Vanquished Creatures
  Natasha (D:2)
  A giant gecko (D:1)
  3 bats
  8 goblins
  5 hobgoblins (D:1)
  3 jackals (D:1)
  A kobold (D:2)
  A ball python (D:1)
  A giant cockroach (D:1)
  2 giant newts (D:2)
  3 rats (D:2)
29 creatures vanquished.

Notes
Turn   | Place    | Note
--------------------------------------------------------------
     0 | D:1      | Herrn the High Elf Fire Elementalist began the quest for the Orb.
     0 | D:1      | Reached XP level 1. HP: 11/11 MP: 4/4
   297 | D:1      | Reached XP level 2. HP: 18/18 MP: 0/6
   872 | D:1      | Reached skill level 1 in Armour
  1085 | D:2      | Reached XP level 3. HP: 22/22 MP: 6/8
  1228 | D:2      | Reached skill level 1 in Fighting
  1376 | D:2      | Noticed Natasha
  1383 | D:2      | Killed Natasha
  1396 | D:2      | Noticed Natasha
  1412 | D:2      | HP: 1/23 [Natasha (10)]
  1414 | D:2      | Slain by a crimson imp

Vault maps used:
D:1:      dpeg_arrival_court
D:2:      grunt_decor_fettered, guppyfry_early_lair_pool, uniq_natasha,
          uniq_robin

Action                   || total
-------------------------++-------
Melee: Unarmed           ||     1
       Dagger            ||    16
 Cast: Flame Tongue      ||    60
  Use: Potion            ||     2
